[Event "HUN-chT Youth 2019"]
[Site "Budapest"]
[Date "2019.10.28"]
[Round "5.4"]
[White "Szabo, Akos"]
[Black "Nagy, Levente"]
[Result "1-0"]
[ECO "B31"]
[WhiteElo "1418"]
[BlackElo "2092"]
[Annotator "NA RC"]
[PlyCount "107"]
[EventDate "2019.10.26"]
[EventType "team-tourn"]
[EventCountry "HUN"]
[SourceTitle "playchess.com"]
[Source "ChessBase"]
[SourceQuality "1"]
[TimeControl "5400+30"]

1. e4 c5 2. Nf3 Nc6 3. Bb5 g6 4. O-O Bg7 5. d3 Nf6 6. Nc3 O-O 7. e5 Ng4 8. Bxc6 bxc6 9. Re1 Qc7 10. Bf4 Qb7 11. Rb1 Nh6 12. Be3 d6 13. exd6 exd6 14. Ne4 Nf5 15. Bf4 Rd8 16. Qe2 Be6 17. a3 a5 18. a4 Ra6 19. b3 Bd5 20. c4 Bxe4 21. dxe4 Nd4 22. Qd1 Rb6 23. Re3 Rd7 24. Rd3 Qb8 25. Be3 Nxf3+ 26. Qxf3 Rdb7 27. Qd1 Bf8 28. f3 Rb4 29. Bf4 Rxc4 30. Bxd6 Bxd6 31. Rxd6 Kg7 32. Rxc6 Rxa4 33. Rxc5 Rab4 34. Rxa5 Rxb3 35. Rxb3 Rxb3 36. Qa1+ f6 37. Ra7+ Kh6 38. Qc1+ g5 39. Qc7 Rb1+ 40. Kf2 Rb2+ 41. Kg3 Qxc7+ 42. Rxc7 Kg6 43. Rc1 h5 44. Rg1 Rb3 45. Rc1 Kh6 46. Rc6 Kg7 47. Rc7+ Kg6 48. Rc8 Kg7 49. Rc2 Kg6 50. h4 Rb5 51. Rd2 gxh4+ 52. Kxh4 Rg5 53. g3 f5 54. Rd6+ 1-0

[Event "HUN-chT Youth 2019"]
[Site "Budapest"]
[Date "2019.10.28"]
[Round "5.5"]
[White "Giang, Tran Nam"]
[Black "Bernath, Bence"]
[Result "1/2-1/2"]
[ECO "C91"]
[WhiteElo "2028"]
[BlackElo "2004"]
[Annotator "NA RC"]
[PlyCount "107"]
[EventDate "2019.10.26"]
[EventType "team-tourn"]
[EventCountry "HUN"]
[SourceTitle "playchess.com"]
[Source "ChessBase"]
[SourceQuality "1"]
[TimeControl "5400+30"]

1. e4 e5 2. Nf3 Nc6 3. Bb5 a6 4. Ba4 Nf6 5. O-O Be7 6. Re1 b5 7. Bb3 O-O 8. d4 d6 9. c3 Bg4 10. Be3 Bh5 11. h3 exd4 12. cxd4 Re8 13. a3 Na5 14. Bc2 Nc4 15. Bc1 h6 16. b3 Nb6 17. Nbd2 Nfd7 18. Nf1 Bf6 19. Bb2 c5 20. Ng3 Bxf3 21. Qxf3 Bxd4 22. Bxd4 cxd4 23. Nf5 Qf6 24. Rad1 Ne5 25. Qg3 d3 26. Bxd3 Nxd3 27. Rxd3 d5 28. Nd6 Re7 29. Rf3 Qg6 30. Nf5 Rd7 31. Qh4 Qg5 32. Qxg5 hxg5 33. exd5 Nxd5 34. Rg3 f6 35. Rd3 Rad8 36. Red1 Nb6 37. Rxd7 Rxd7 38. Rxd7 Nxd7 39. Kf1 Kf7 40. Ke2 g6 41. Ne3 Nc5 42. b4 Ne6 43. Nd5 f5 44. g3 Ke8 45. f4 gxf4 46. Nxf4 Nxf4+ 47. gxf4 Ke7 48. Kd3 Kf6 49. Ke3 Kg7 50. Kd4 Kh6 51. Ke5 Kh5 52. Kf6 Kh6 53. Ke5 Kh5 54. Kf6 1/2-1/2

[Event "HUN-chT Youth 2019"]
[Site "Budapest"]
[Date "2019.10.28"]
[Round "5.5"]
[White "Giang, Tran Nam"]
[Black "Toth, Nikoletta"]
[Result "*"]
[ECO "C91"]
[WhiteElo "2028"]
[BlackElo "1965"]
[Annotator "NA"]
[PlyCount "24"]
[EventDate "2019.10.26"]
[EventType "team-tourn"]
[EventCountry "HUN"]
[SourceTitle "playchess.com"]
[Source "ChessBase"]
[SourceQuality "1"]
[TimeControl "5400+30"]

1. e4 e5 2. Nf3 Nc6 3. Bb5 a6 4. Ba4 Nf6 5. O-O Be7 6. Re1 b5 7. Bb3 O-O 8. d4 d6 9. c3 Bg4 10. Be3 Bh5 11. h3 exd4 12. cxd4 Re8 *

[Event "HUN-chT Youth 2019"]
[Site "Budapest"]
[Date "2019.10.28"]
[Round "5.5"]
[White "Toth, Timea"]
[Black "Lazsadi, Blanka Anna"]
[Result "1-0"]
[ECO "C26"]
[WhiteElo "1964"]
[BlackElo "1142"]
[Annotator "NA RC"]
[PlyCount "51"]
[EventDate "2019.10.26"]
[EventType "team-tourn"]
[EventCountry "HUN"]
[SourceTitle "playchess.com"]
[Source "ChessBase"]
[SourceQuality "1"]
[TimeControl "5400+30"]

1. e4 e5 2. Bc4 Nf6 3. Nc3 Bc5 4. d3 h6 5. Be3 Bxe3 6. fxe3 d6 7. Nge2 O-O 8. O-O c6 9. Bb3 Qb6 10. d4 Bg4 11. Qd2 Bxe2 12. Qxe2 exd4 13. exd4 Qxd4+ 14. Kh1 Re8 15. Rad1 Qe5 16. Qd3 Rd8 17. Qc4 Rf8 18. Qb4 Ng4 19. g3 Ne3 20. Qxb7 Nd7 21. Qxd7 Nxd1 22. Rxd1 Qh5 23. Rf1 Qc5 24. Rxf7 Rad8 25. Rxg7+ Kh8 26. Rh7# 1-0

[Event "HUN-chT Youth 2019"]
[Site "Budapest"]
[Date "2019.10.28"]
[Round "5.6"]
[White "Buri, Kata"]
[Black "Toth, Kincso"]
[Result "1/2-1/2"]
[ECO "D04"]
[WhiteElo "1646"]
[BlackElo "1556"]
[Annotator "NA RC"]
[PlyCount "119"]
[EventDate "2019.10.26"]
[EventType "team-tourn"]
[EventCountry "HUN"]
[SourceTitle "playchess.com"]
[Source "ChessBase"]
[SourceQuality "1"]
[TimeControl "5400+30"]

1. d4 d5 2. Nf3 Nf6 3. e3 c5 4. b3 Nc6 5. Bb2 cxd4 6. exd4 Bg4 7. Nbd2 e6 8. Be2 Bd6 9. Ne5 Bxe2 10. Qxe2 Rc8 11. f4 a6 12. O-O O-O 13. Kh1 Re8 14. Ndf3 Ne4 15. Nd2 Nxe5 16. Nxe4 Ng6 17. Nxd6 Qxd6 18. Qf2 Qe7 19. Rae1 Qh4 20. Qd2 Ne7 21. Re3 Nf5 22. Rh3 Qg4 23. Rhf3 Qg6 24. Qe2 Nh4 25. R3f2 Nf5 26. c4 dxc4 27. bxc4 Red8 28. Rd1 Rd7 29. Qe5 Rdd8 30. c5 Qg4 31. Rfd2 Rd5 32. Qe4 Qg6 33. Qe2 Qh6 34. Qf3 Nh4 35. Qb3 Rd7 36. Rf2 Rcd8 37. Qc3 Nf5 38. c6 bxc6 39. Qxc6 Rd6 40. Qf3 Nh4 41. Qb3 Nf5 42. g3 Rd5 43. Rf3 Qh5 44. Rfd3 Nd6 45. Kg1 Ne4 46. Qc2 Qg4 47. Re1 Nd6 48. Qc6 Qf5 49. Qxa6 Rb5 50. Rb3 Ra5 51. Qb6 Raa8 52. a4 Nc4 53. Qb4 Na5 54. Rbe3 Rab8 55. Qe7 Re8 56. Qd7 Red8 57. Qe7 Re8 58. Qd7 Red8 59. Qe7 Re8 60. Qd7 1/2-1/2

[Event "HUN-chT Youth 2019"]
[Site "Budapest"]
[Date "2019.10.28"]
[Round "5.7"]
[White "Szabo, Marton Nandor"]
[Black "Megyeri, Martin"]
[Result "1/2-1/2"]
[ECO "E18"]
[WhiteElo "1803"]
[BlackElo "1611"]
[Annotator "NA"]
[PlyCount "28"]
[EventDate "2019.10.26"]
[EventType "team-tourn"]
[EventCountry "HUN"]
[SourceTitle "playchess.com"]
[Source "ChessBase"]
[SourceQuality "1"]
[TimeControl "5400+30"]

1. Nf3 b6 2. c4 Bb7 3. g3 Nf6 4. Bg2 e6 5. d4 Be7 6. Nc3 O-O 7. O-O d5 8. b3 c5 9. Bb2 Nbd7 10. e3 a6 11. Ne5 Qc7 12. Rc1 dxc4 13. Nxd7 Qxd7 14. bxc4 Bxg2 1/2-1/2

[Event "HUN-chT Youth 2019"]
[Site "Budapest"]
[Date "2019.10.28"]
[Round "5.8"]
[White "Lehocz, Jozsef Jr."]
[Black "Foldes, Marton Gabor"]
[Result "1/2-1/2"]
[ECO "A01"]
[WhiteElo "1447"]
[BlackElo "1755"]
[Annotator "NA"]
[PlyCount "32"]
[EventDate "2019.10.26"]
[EventType "team-tourn"]
[EventCountry "HUN"]
[SourceTitle "playchess.com"]
[Source "ChessBase"]
[SourceQuality "1"]
[TimeControl "5400+30"]

1. b3 e5 2. Bb2 Nc6 3. e3 d6 4. Bb5 Bd7 5. Nf3 Nge7 6. d4 exd4 7. exd4 d5 8. O-O g6 9. Re1 Bg7 10. Bxc6 bxc6 11. Nbd2 O-O 12. Ne5 f6 13. Nd3 Re8 14. Nc5 Nf5 15. Nf3 Nd6 16. Nd2 Bh6 1/2-1/2

[Event "HUN-chT Youth 2019"]
[Site "Budapest"]
[Date "2019.10.28"]
[Round "5.9"]
[White "Csernyik, Mark"]
[Black "Kellermann, Botond"]
[Result "1-0"]
[ECO "A04"]
[WhiteElo "1749"]
[BlackElo "1274"]
[Annotator "NA"]
[PlyCount "75"]
[EventDate "2019.10.26"]
[EventType "team-tourn"]
[EventCountry "HUN"]
[SourceTitle "playchess.com"]
[Source "ChessBase"]
[SourceQuality "1"]
[TimeControl "5400+30"]

1. Nf3 c6 2. b3 d5 3. Bb2 Bf5 4. e3 Nd7 5. Be2 Ngf6 6. O-O e6 7. d4 Ne4 8. c4 Rc8 9. Nbd2 Bd6 10. cxd5 cxd5 11. Nxe4 Bxe4 12. Bd3 O-O 13. h3 h6 14. Bxe4 dxe4 15. Nd2 f5 16. Nc4 Nf6 17. Qd2 b5 18. Nxd6 Qxd6 19. Qa5 a6 20. Ba3 Qc6 21. Rac1 Qb7 22. Bxf8 Rxf8 23. Rc7 Qa8 24. Qb6 Nd5 25. Qxe6+ Kh8 26. Rf7 Rxf7 27. Qxf7 Nf6 28. Rc1 Kh7 29. Rc7 Ne8 30. Qxf5+ Kh8 31. Qf8+ Kh7 32. Rxg7+ Nxg7 33. Qxa8 Kg6 34. Qxe4+ Kf7 35. d5 Ne8 36. Qe6+ Kf8 37. d6 a5 38. d7 1-0

[Event "HUN-chT Youth 2019"]
[Site "Budapest"]
[Date "2019.10.28"]
[Round "5.10"]
[White "Kiss, Eniko"]
[Black "Daroczi, Donat"]
[Result "0-1"]
[ECO "A13"]
[WhiteElo "1703"]
[BlackElo "1976"]
[Annotator "NA RC"]
[PlyCount "100"]
[EventDate "2019.10.26"]
[EventType "team-tourn"]
[EventCountry "HUN"]
[SourceTitle "playchess.com"]
[Source "ChessBase"]
[SourceQuality "1"]
[TimeControl "5400+30"]

1. c4 e6 2. e4 d5 3. exd5 exd5 4. d4 Nf6 5. Nc3 Be7 6. Bd3 O-O 7. Nge2 dxc4 8. Bxc4 Bf5 9. O-O Nbd7 10. Ng3 Bg6 11. f4 Nb6 12. Bb3 h6 13. f5 Bh7 14. d5 Qd7 15. Qf3 Rad8 16. Be3 c6 17. dxc6 Qxc6 18. Qxc6 bxc6 19. a4 Ng4 20. Bxb6 axb6 21. Nce4 Rd4 22. a5 Rb4 23. Bd1 Ne3 24. Re1 Nxd1 25. Rexd1 bxa5 26. Rxa5 Rxb2 27. Re5 Bd8 28. Rc1 Bb6+ 29. Kf1 Rd8 30. Ke1 Ra8 31. Nd6 Kf8 32. Nc4 Bc7 33. Re3 Rxg2 34. Re2 Bxg3+ 35. hxg3 Rg1+ 36. Kd2 Ra2+ 37. Rc2 Rxc2+ 38. Kxc2 Bxf5+ 39. Kb2 Rxg3 40. Ne5 c5 41. Nc6 h5 42. Re5 Bg4 43. Rxc5 g6 44. Ne5 Kg7 45. Rc7 Be6 46. Nc6 h4 47. Nd8 Kf6 48. Rc2 h3 49. Rf2+ Kg7 50. Nxe6+ fxe6 0-1

[Event "HUN-chT Youth 2019"]
[Site "Budapest"]
[Date "2019.10.28"]
[Round "5.11"]
[White "Kiss, Rebeka"]
[Black "Ivan, Reka Gyongyver"]
[Result "1/2-1/2"]
[ECO "B13"]
[WhiteElo "1743"]
[BlackElo "1686"]
[Annotator "NA RC"]
[PlyCount "84"]
[EventDate "2019.10.26"]
[EventType "team-tourn"]
[EventCountry "HUN"]
[SourceTitle "playchess.com"]
[Source "ChessBase"]
[SourceQuality "1"]
[TimeControl "5400+30"]

1. e4 c6 2. d4 d5 3. exd5 cxd5 4. Bd3 Nc6 5. c3 Nf6 6. Bf4 Bg4 7. Qb3 Qc8 8. Nd2 e6 9. Ngf3 Be7 10. O-O O-O 11. Qc2 Bh5 12. Ne5 a6 13. Rfe1 b5 14. Nxc6 Qxc6 15. Bg5 Bg6 16. Bxg6 hxg6 17. Qd3 a5 18. Nf3 Rfc8 19. Ne5 Qb7 20. b3 Rab8 21. Bf4 Ne4 22. c4 Bb4 23. Re2 g5 24. Bg3 Nxg3 25. hxg3 bxc4 26. bxc4 dxc4 27. Nxc4 Qd5 28. Ne3 Qb5 29. Qxb5 Rxb5 30. Rd1 Rd8 31. Rc2 Rb7 32. f4 Rbd7 33. Rc4 gxf4 34. gxf4 Bd6 35. g3 Bc7 36. Kg2 Bb6 37. Nc2 f6 38. Kf3 e5 39. fxe5 fxe5 40. Ke4 exd4 41. Nxd4 Kf7 42. Rf1+ Kg8 1/2-1/2

[Event "HUN-chT Youth 2019"]
[Site "Budapest"]
[Date "2019.10.28"]
[Round "5.12"]
[White "Kiraly, Lilla Virag"]
[Black "Farkas, Virag"]
[Result "1-0"]
[ECO "B23"]
[WhiteElo "1450"]
[BlackElo "1506"]
[Annotator "NA RC"]
[PlyCount "45"]
[EventDate "2019.10.26"]
[EventType "team-tourn"]
[EventCountry "HUN"]
[SourceTitle "playchess.com"]
[Source "ChessBase"]
[SourceQuality "1"]
[TimeControl "5400+30"]

1. e4 c5 2. Nc3 e6 3. g3 d5 4. d3 Nf6 5. Bg2 h6 6. f4 Nc6 7. Qe2 Be7 8. Nf3 b6 9. O-O Bb7 10. h3 O-O 11. g4 h5 12. g5 Nd7 13. exd5 exd5 14. Nxd5 Re8 15. Nxe7+ Nxe7 16. Bd2 Nf5 17. Qf2 f6 18. Rfe1 Rb8 19. Bc3 Bxf3 20. Qxf3 Qc7 21. Qd5+ Kh8 22. Qxf5 fxg5 23. Qxg5 1-0

[Event "HUN-chT Youth 2019"]
[Site "Budapest"]
[Date "2019.10.28"]
[Round "5.13"]
[White "Konyves, Almos"]
[Black "Szarka, Tibor"]
[Result "1-0"]
[ECO "A20"]
[WhiteElo "2006"]
[BlackElo "1469"]
[Annotator "NA RC"]
[PlyCount "45"]
[EventDate "2019.10.26"]
[EventType "team-tourn"]
[EventCountry "HUN"]
[SourceTitle "playchess.com"]
[Source "ChessBase"]
[SourceQuality "1"]
[TimeControl "5400+30"]

1. c4 e5 2. g3 Nf6 3. Bg2 d5 4. cxd5 Nxd5 5. Nc3 Nb6 6. Nf3 Nc6 7. d3 Be7 8. O-O O-O 9. a3 Be6 10. b4 a6 11. Bb2 f6 12. Rb1 Bf5 13. Nd2 Qd7 14. Nce4 Bh3 15. Qb3+ Kh8 16. Bxh3 Qxh3 17. Nc5 f5 18. Nf3 Bd6 19. Nxb7 Rf6 20. Rfc1 Nd4 21. Bxd4 exd4 22. Nxd6 Rxd6 23. Ng5 1-0

[Event "HUN-chT Youth 2019"]
[Site "Budapest"]
[Date "2019.10.28"]
[Round "5.14"]
[White "Vilics, Hanna"]
[Black "Bodrogi, Bendeguz"]
[Result "0-1"]
[ECO "A46"]
[WhiteElo "1253"]
[BlackElo "1903"]
[Annotator "NA RC"]
[PlyCount "82"]
[EventDate "2019.10.26"]
[EventType "team-tourn"]
[EventCountry "HUN"]
[SourceTitle "playchess.com"]
[Source "ChessBase"]
[SourceQuality "1"]
[TimeControl "5400+30"]

1. d4 Nf6 2. Nf3 c5 3. g3 cxd4 4. Nxd4 Nc6 5. Nb3 g6 6. Bg2 Bg7 7. O-O O-O 8. Nc3 d6 9. e4 Bd7 10. Be3 Ne5 11. Bd4 Nc6 12. f4 Nxd4 13. Nxd4 Ng4 14. Qd3 Qb6 15. Rfd1 e5 16. Nd5 Qxd4+ 17. Qxd4 exd4 18. h3 Ne3 19. Nxe3 dxe3 20. Rxd6 Bc6 21. e5 Bxg2 22. Kxg2 Rfd8 23. Rad1 Rxd6 24. Rxd6 Rc8 25. c3 Bf8 26. Rd7 Bc5 27. Kf3 Bb6 28. g4 Rd8 29. Rxd8+ Bxd8 30. Kxe3 Kf8 31. Ke4 Bh4 32. f5 Ke7 33. Kd5 Bg5 34. c4 a5 35. b3 Bd2 36. Kc5 Bc3 37. Kd5 Bb4 38. c5 Kd7 39. h4 gxf5 40. g5 Be1 41. h5 Bd2 0-1

[Event "HUN-chT Youth 2019"]
[Site "Budapest"]
[Date "2019.10.28"]
[Round "5.15"]
[White "Virag, Balint"]
[Black "Koszta, Benedek"]
[Result "1/2-1/2"]
[ECO "B92"]
[WhiteElo "2100"]
[BlackElo "2043"]
[Annotator "NA"]
[PlyCount "34"]
[EventDate "2019.10.26"]
[EventType "team-tourn"]
[EventCountry "HUN"]
[SourceTitle "playchess.com"]
[Source "ChessBase"]
[SourceQuality "1"]
[TimeControl "5400+30"]

1. e4 c5 2. Nf3 d6 3. d4 cxd4 4. Nxd4 Nf6 5. Nc3 a6 6. Be2 e5 7. Nb3 Be7 8. Be3 Be6 9. O-O Nbd7 10. f4 exf4 11. Bxf4 Ne5 12. Kh1 O-O 13. Nd4 Rc8 14. Nxe6 fxe6 15. Bxe5 dxe5 16. Qxd8 Rfxd8 17. Bd3 Bc5 1/2-1/2

[Event "HUN-chT Youth 2019"]
[Site "Budapest"]
[Date "2019.10.28"]
[Round "5.15"]
[White "Onodi, Miklos"]
[Black "Porpaczy, Marton"]
[Result "1-0"]
[ECO "D00"]
[WhiteElo "1548"]
[BlackElo "1066"]
[Annotator "NA"]
[PlyCount "69"]
[EventDate "2019.10.26"]
[EventType "team-tourn"]
[EventCountry "HUN"]
[SourceTitle "playchess.com"]
[Source "ChessBase"]
[SourceQuality "1"]
[TimeControl "5400+30"]

1. d4 d5 2. Bf4 c5 3. e3 Nf6 4. c3 Bf5 5. Nf3 a6 6. a4 e6 7. Qb3 Qe7 8. dxc5 Nc6 9. Bd6 Qd7 10. Bxf8 Rxf8 11. Nd4 Nxd4 12. cxd4 Ke7 13. Qb4 Qc6 14. Nc3 Rfd8 15. Be2 Kf8 16. O-O Kg8 17. Qb3 Qc7 18. Qd1 Rac8 19. Bd3 Ng4 20. g3 Nf6 21. Bxf5 exf5 22. b4 Ne4 23. Qc2 Qd7 24. Rfb1 Nxc3 25. Qxc3 Re8 26. b5 axb5 27. axb5 Re6 28. Ra7 Qd8 29. Rxb7 Rh6 30. c6 f6 31. Qc5 Qe8 32. Qxd5+ Kh8 33. Qd7 Qxd7 34. cxd7 Rd8 35. Rc1 1-0

[Event "HUN-chT Youth 2019"]
[Site "Budapest"]
[Date "2019.10.28"]
[Round "5.16"]
[White "Megyaszai, Balazs"]
[Black "Kovacsy, Barnabas"]
[Result "1/2-1/2"]
[ECO "B13"]
[WhiteElo "1894"]
[BlackElo "2093"]
[Annotator "NA RC"]
[PlyCount "79"]
[EventDate "2019.10.26"]
[EventType "team-tourn"]
[EventCountry "HUN"]
[SourceTitle "playchess.com"]
[Source "ChessBase"]
[SourceQuality "1"]
[TimeControl "5400+30"]

1. e4 c6 2. d4 d5 3. exd5 cxd5 4. Bd3 Nc6 5. c3 Qc7 6. h3 Nf6 7. Ne2 g6 8. O-O Bf5 9. Re1 e6 10. Ng3 O-O-O 11. a4 h6 12. Be3 Bd6 13. Nf1 g5 14. b4 g4 15. hxg4 Bxg4 16. Be2 Rdg8 17. Na3 Qe7 18. a5 Bh3 19. Bf3 Ne4 20. Nb5 Bb8 21. c4 Ng5 22. g3 Nxf3+ 23. Qxf3 dxc4 24. a6 Bg4 25. Qg2 Qd7 26. Nc3 h5 27. Ne4 Qd5 28. b5 Nb4 29. Rec1 Nd3 30. Rc3 h4 31. Nf6 Qxg2+ 32. Kxg2 hxg3 33. Rxc4+ Kd8 34. Nxg3 Bh3+ 35. Kf3 Rg6 36. Nfe4 Bg4+ 37. Kg2 Bh3+ 38. Kf3 Bg4+ 39. Kg2 Bh3+ 40. Kf3 1/2-1/2

[Event "HUN-chT Youth 2019"]
[Site "Budapest"]
[Date "2019.10.28"]
[Round "5.17"]
[White "Koltai, Dora"]
[Black "Kocsmar, Akos"]
[Result "1/2-1/2"]
[ECO "B13"]
[WhiteElo "1845"]
[BlackElo "1916"]
[Annotator "NA"]
[PlyCount "32"]
[EventDate "2019.10.26"]
[EventType "team-tourn"]
[EventCountry "HUN"]
[SourceTitle "playchess.com"]
[Source "ChessBase"]
[SourceQuality "1"]
[TimeControl "5400+30"]

1. e4 c6 2. d4 d5 3. exd5 cxd5 4. Bd3 Nc6 5. c3 Nf6 6. Bf4 Bg4 7. Qb3 Qd7 8. Nd2 e6 9. Ngf3 Bd6 10. Bxd6 Qxd6 11. O-O O-O 12. Rae1 Bxf3 13. Nxf3 Qc7 14. Ne5 Nxe5 15. Rxe5 Ng4 16. Rh5 g6 1/2-1/2

[Event "HUN-chT Youth 2019"]
[Site "Budapest"]
[Date "2019.10.28"]
[Round "5.18"]
[White "Szamko, Hanna"]
[Black "Matyassy, Lazar"]
[Result "1/2-1/2"]
[ECO "B32"]
[WhiteElo "1402"]
[BlackElo "1652"]
[Annotator "NA RC"]
[PlyCount "74"]
[EventDate "2019.10.26"]
[EventType "team-tourn"]
[EventCountry "HUN"]
[SourceTitle "playchess.com"]
[Source "ChessBase"]
[SourceQuality "1"]
[TimeControl "5400+30"]

1. e4 c5 2. Nf3 Nc6 3. d4 cxd4 4. Nxd4 g6 5. Bc4 Bg7 6. Nxc6 bxc6 7. c3 Nf6 8. e5 Nd5 9. Bxd5 cxd5 10. O-O Bb7 11. Re1 O-O 12. Bf4 Qb6 13. b3 Qc6 14. f3 Rac8 15. Bg3 d6 16. Qd2 dxe5 17. Bxe5 Bxe5 18. Rxe5 Qc5+ 19. Qe3 Qxe3+ 20. Rxe3 e6 21. a4 d4 22. Rd3 Rfd8 23. c4 e5 24. Nd2 Rc7 25. Re1 Re7 26. b4 f5 27. Nb3 Rc7 28. Nc5 Rxc5 29. bxc5 e4 30. fxe4 fxe4 31. Rd2 Kf7 32. Red1 d3 33. Kf2 Ke6 34. Ke3 Ke5 35. Rb1 Rd7 36. Rb5 Ke6 37. Ra5 Ba8 {[%emt 0:02:13] Kxe4 Ke5+} 1/2-1/2

[Event "HUN-chT Youth 2019"]
[Site "Budapest"]
[Date "2019.10.28"]
[Round "5.19"]
[White "Varga, Marcell"]
[Black "Karacsonyi, Gellert"]
[Result "1-0"]
[ECO "E04"]
[WhiteElo "2118"]
[BlackElo "2301"]
[Annotator "NA RC"]
[PlyCount "183"]
[EventDate "2019.10.26"]
[EventType "team-tourn"]
[EventCountry "HUN"]
[SourceTitle "playchess.com"]
[Source "ChessBase"]
[SourceQuality "1"]
[TimeControl "5400+30"]

1. d4 Nf6 2. c4 e6 3. Nf3 d5 4. g3 dxc4 5. Bg2 Bd7 6. O-O {[%emt 0:03:18] E04: Open Catalan: 5 Nf3} (6. Ne5 Bc6 7. Nxc6 Nxc6 8. e3 Bb4+ 9. Nd2 e5 10. O-O Bxd2 11. Bxd2 exd4 12. Rc1 O-O 13. Rxc4 Nd5 14. exd4 Qd7 15. Bg5 h6 16. Rc5 {½-½ (26) Wojtaszek,R (2722)-Vitiugov,N (2726) Prague 2019}) 6... Bc6 7. a4 a6 8. Nc3 Be7 $146 ({Predecessor:} 8... Bb4 9. Qc2 Bxc3 10. Qxc3 Bd5 11. Ne5 Bxg2 12. Kxg2 Qd5+ 13. f3 Nc6 {0-1 (47) Stoyanov,V (2205)-McDonald,N (2403) London 2018}) 9. Ne5 Bxg2 10. Kxg2 O-O 11. Nxc4 Nc6 12. e3 b5 13. Nd2 e5 14. Qf3 exd4 15. Qxc6 dxc3 16. bxc3 Qd5+ 17. Qxd5 Nxd5 18. c4 Nb6 19. axb5 axb5 20. Rxa8 Rxa8 21. cxb5 Ra5 22. Bb2 Rxb5 23. Rb1 f6 24. Bd4 Rxb1 25. Nxb1 c5 $11 26. Bc3 Kf7 27. Kf3 Ke6 28. Ke4 Kd6 29. h4 g6 30. Nd2 f5+ 31. Kd3 Kd5 32. e4+ fxe4+ 33. Nxe4 Nd7 34. f3 Bd8 35. Bg7 c4+ 36. Ke2 Kc6 37. Ke3 Bc7 38. Kd4 Kb5 39. Nc3+ Kc6 40. f4 Nb6 41. Ke4 Bd8 42. Ke5 Be7 43. Ke6 Bb4 44. Kf7 Nd5 45. Ne2 c3 46. Kg8 c2 47. Nd4+ Kd7 48. Nxc2 Bc5 49. Bd4 Be7 50. Kxh7 Bxh4 51. gxh4 Nxf4 52. Ne1 g5 53. hxg5 Ne6 54. g6 Nf8+ 55. Kh6 Nxg6 56. Kxg6 Ke6 57. Bf6 Kd5 58. Kf5 Kd6 59. Nc2 Kd5 60. Ne3+ Kd6 61. Be5+ Kd7 62. Ke4 Ke6 63. Nc4 Ke7 64. Kf5 Kd7 65. Na5 Ke7 66. Bf4 Kd7 67. Kf6 Kd8 68. Ke6 Kc8 69. Kd6 Kd8 70. Nb7+ Kc8 71. Nc5 Kb8 72. Kc6+ Ka7 73. Nd7 Ka8 74. Nb6+ Ka7 75. Bg3 Ka6 76. Bb8 Ka5 77. Nd5 Ka4 78. Kc5 Kb3 79. Nb4 Kb2 80. Bf4 Kc3 81. Bg5 Kb3 82. Bf6 Ka4 83. Kc4 Ka3 84. Nd3 Ka4 85. Bd8 Ka3 86. Bc7 Ka4 87. Nb2+ Ka3 88. Kc3 Ka2 89. Kc2 Ka1 90. Bd6 Ka2 91. Nd3 Ka1 92. Be7 1-0

[Event "HUN-chT Youth 2019"]
[Site "Budapest"]
[Date "2019.10.28"]
[Round "5.20"]
[White "Demjen, Mark"]
[Black "Blahota, Marcell"]
[Result "0-1"]
[ECO "B18"]
[WhiteElo "1902"]
[BlackElo "1765"]
[Annotator "NA RC"]
[PlyCount "74"]
[EventDate "2019.10.26"]
[EventType "team-tourn"]
[EventCountry "HUN"]
[SourceTitle "playchess.com"]
[Source "ChessBase"]
[SourceQuality "1"]
[TimeControl "5400+30"]

1. e4 c6 2. d4 d5 3. Nc3 dxe4 4. Nxe4 Bf5 5. Ng3 Bg6 6. Nh3 e6 7. Nf4 Bd6 8. h4 Bxf4 9. Bxf4 h6 10. h5 Bh7 11. Qg4 Qxd4 12. Rd1 Qxb2 13. Bd3 Qc3+ 14. Ke2 Nd7 15. Bxh7 Rxh7 16. Rxd7 Nf6 17. Qf3 Qxf3+ 18. Kxf3 Kxd7 19. Rd1+ Ke8 20. Be5 Rd8 21. Rb1 b6 22. Rb3 Rd5 23. Bc3 Rh8 24. Ra3 Rd7 25. Be5 Ke7 26. Re3 Rhd8 27. Rc3 c5 28. Ra3 Rb7 29. Ra4 Rd5 30. Bb2 Nxh5 31. c4 Rd2 32. Bc1 Rc2 33. Ne2 Rd7 34. Be3 e5 35. Ng1 f5 36. g4 e4+ 37. Kg2 f4 0-1

[Event "HUN-chT Youth 2019"]
[Site "Budapest"]
[Date "2019.10.28"]
[Round "5.21"]
[White "Oros, Mikhailo"]
[Black "Kocsis, Peter"]
[Result "1/2-1/2"]
[ECO "A05"]
[WhiteElo "1704"]
[BlackElo "1929"]
[Annotator "NA RC"]
[PlyCount "46"]
[EventDate "2019.10.26"]
[EventType "team-tourn"]
[EventCountry "HUN"]
[SourceTitle "playchess.com"]
[Source "ChessBase"]
[SourceQuality "1"]
[TimeControl "5400+30"]

1. Nf3 Nf6 2. g3 b6 3. Bg2 Bb7 4. d4 d5 5. O-O e6 6. e3 Bd6 7. c4 O-O 8. cxd5 exd5 9. Nc3 a6 10. Bd2 Nbd7 11. Rc1 Ne4 12. Qb3 Ndf6 13. Rfd1 Qe7 14. Nh4 g6 15. Nf3 Kh8 16. Ne1 Rad8 17. Nd3 Nxc3 18. Bxc3 Ne4 19. Bb4 Bxb4 20. Qxb4 Rfe8 21. Qxe7 Rxe7 22. Rc2 Rc8 23. Rdc1 f5 1/2-1/2

[Event "HUN-chT Youth 2019"]
[Site "Budapest"]
[Date "2019.10.28"]
[Round "5.22"]
[White "Sulyok, Eszter"]
[Black "Dan, Marcell"]
[Result "1-0"]
[ECO "A11"]
[WhiteElo "1893"]
[BlackElo "1542"]
[Annotator "NA RC"]
[PlyCount "89"]
[EventDate "2019.10.26"]
[EventType "team-tourn"]
[EventCountry "HUN"]
[SourceTitle "playchess.com"]
[Source "ChessBase"]
[SourceQuality "1"]
[TimeControl "5400+30"]

1. c4 c6 2. g3 d5 3. Bg2 Nf6 4. Nf3 Bf5 5. b3 Nbd7 6. Bb2 e6 7. O-O Bd6 8. d4 O-O 9. Nbd2 Re8 10. Re1 Bg6 11. Rc1 dxc4 12. Nxc4 Qe7 13. Nfd2 Rac8 14. e4 Bb4 15. a3 Bxd2 16. Qxd2 Nb6 17. Qa5 Nxc4 18. bxc4 b6 19. Qa4 Qb7 20. d5 exd5 21. exd5 Rxe1+ 22. Rxe1 cxd5 23. cxd5 Qd7 24. Qd4 Rd8 25. Rd1 Ne8 26. Bc3 f6 27. Re1 Bf7 28. Bb4 Nc7 29. Be7 Rc8 30. d6 Ne8 31. Bf3 Rc4 32. Qd3 Rc8 33. Bd5 Bxd5 34. Qxd5+ Kh8 35. Qe6 Qxe6 36. Rxe6 Rc1+ 37. Kg2 Rd1 38. Bf8 Kg8 39. Rxe8 Kf7 40. Ra8 a5 41. Be7 Ke6 42. Ra6 Rb1 43. Bd8 Kxd6 44. Rxb6+ Rxb6 45. Bxb6 1-0

[Event "HUN-chT Youth 2019"]
[Site "Budapest"]
[Date "2019.10.28"]
[Round "5.23"]
[White "Ferku, Donat"]
[Black "Szabo, Miklos"]
[Result "0-1"]
[ECO "A45"]
[WhiteElo "1410"]
[BlackElo "1796"]
[Annotator "NA"]
[PlyCount "54"]
[EventDate "2019.10.26"]
[EventType "team-tourn"]
[EventCountry "HUN"]
[SourceTitle "playchess.com"]
[Source "ChessBase"]
[SourceQuality "1"]
[TimeControl "5400+30"]

1. d4 Nf6 2. Nc3 e6 3. Nf3 Bb4 4. e3 Nc6 5. Bd2 Bxc3 6. Bxc3 O-O 7. Bd3 d6 8. h3 Re8 9. g4 e5 10. dxe5 dxe5 11. e4 b6 12. Qd2 Nd4 13. Bxd4 exd4 14. O-O-O Bb7 15. Rhg1 c5 16. h4 Rc8 17. c3 c4 18. Bc2 d3 19. Ba4 Rxe4 20. Rde1 Rxe1+ 21. Nxe1 Ne4 22. Qf4 d2+ 23. Kd1 dxe1=Q+ 24. Kxe1 Qd3 25. g5 Rd8 26. Qc1 Nd2 27. Rg3 Qf1# 0-1